 Dungeon Crawl Stone Soup version 0.26.0-16-gc1dbca0489 (webtiles) character file.

Game seed: 9067397277534592609

52 Majang the Chiller (level 3, -1/24 HPs)
             Began as a Barachi Ice Elementalist on Jan 18, 2021.
             Engulfed by a cloud of freezing vapour (24 damage)
             ... on level 2 of the Dungeon.
             The game lasted 00:08:18 (1444 turns).

Majang the Chiller (Barachi Ice Elementalist)       Turns: 1444, Time: 00:08:19

Health: -1/24      AC:  2    Str:  9    XL:     3   Next: 85%
Magic:  8/8        EV: 12    Int: 16    God:
Gold:   65         SH:  0    Dex: 12    Spells: 2/9 levels left

rFire    . . .     SeeInvis .   d - +1 whip
rCold    . . .     Faith    .   (no shield)
rNeg     . . .     Spirit   .   a - +0 robe
rPois    .         Reflect  .   (no helmet)
rElec    .         Harm     .   (no cloak)
rCorr    .         Rampage  .   (no gloves)
Will     .....     Rnd*Tele +   (no boots)
Stlth    ++........             (no amulet)
HPRegen  0.08/turn              f - ring of flight
MPRegen  0.11/turn              h - ring of teleportation (curse)

@: slow
A: +LOS, swims, slowness 1, strong legs 1
a: Hop, Evoke Flight


You were on level 2 of the Dungeon.
You visited 1 branch of the dungeon, and saw 2 of its levels.

You collected 65 gold pieces.

Inventory:

Hand Weapons
 c - a +0 dagger
 d - a +1 whip (weapon)
Armour
 a - a +0 robe (worn)
Jewellery
 f - a ring of flight (left hand)
 h - a cursed ring of teleportation (right hand)
Scrolls
 b - a scroll of identify
 g - a scroll of teleportation
 k - a scroll of random uselessness {unknown}
 l - 2 scrolls of enchant weapon
Potions
 e - a potion of heal wounds
 i - a potion of curing {unknown}
 j - a potion of might {unknown}


   Skills:
 - Level 2.1 Dodging
 - Level 1.7 Stealth
 * Level 3.6 Spellcasting
 + Level 5.3 Ice Magic


You had 2 spell levels left.
You knew the following spells:

 Your Spells              Type           Power        Failure   Level
a - Ozocubu's Armour      Ice            20%          6%          3
f - Freeze                Ice            80%          1%          1
r - Frozen Ramparts       Ice            40%          6%          3

Your spell library contained the following spells:

 Spells                   Type           Power        Failure   Level
 Hailstorm                Conj/Ice       11%          50%         4
 Summon Ice Beast         Ice/Summ       11%          50%         4


Dungeon Overview and Level Annotations

Branches:
Dungeon (2/15)

Altars:
Qazlal


Innate Abilities, Weirdness & Mutations

You can be seen from farther away. (+LOS)
You can swim through water.
You cover ground slowly.
You can hop short distances.


Message History

A rat is nearby!
You hit the rat.
The rat is heavily wounded.
The rat bites you. The rat closely misses you.
You hit the rat.
You kill the rat!
You start resting.
Magic restored.
A rat is nearby!
You see here a scroll labelled POTIQ KUXKO.
k - a scroll labelled POTIQ KUXKO The helpless rat fails to defend itself.
You hit the rat.
You kill the rat!
Found a stormy altar of Qazlal.
Found 2 scrolls of identify.
Really walk into a travel-excluded area?
You are engulfed in freezing vapours.
Ouch! That really hurt!
You die...

*****#####***...#*#.###
*.,,,,....#*,....##....
*..,,,,...#,*#.##.#...#
*,..,,,,...**#.###....#
**#.****#.#* #.##......
#.#* #.####.##.....#
#..* #......##.....#
###.####......##.....#
#§...@##......###.####
###.....#.......# #.####
#...._..........###.##..
#.#.....##.............[
#,#○...☼#.......######..
*,###.###.......# #..
*,,...,.......### #..
**############# #.. #..


There were no monsters in sight!

Vanquished Creatures
  8 bats
  4 hobgoblins
  3 jackals (D:1)
  A quokka (D:2)
  2 frilled lizards
  9 goblins
  11 kobolds
  13 rats
51 creatures vanquished.

Vanquished Creatures (others)
  A goblin (D:2)
1 creature vanquished.

Grand Total: 52 creatures vanquished

Notes
Turn   | Place    | Note
-------+----------+-------------------------------------------
     0 | D:1      | Majang the Barachi Ice Elementalist began the quest for the
                  | Orb.
     0 | D:1      | Reached XP level 1. HP: 13/13 MP: 3/3
   120 | D:1      | Reached skill level 5 in Ice Magic
   120 | D:1      | Reached XP level 2. HP: 16/19 MP: 0/5
   485 | D:1      | Reached XP level 3. HP: 23/24 MP: 2/7
   536 | D:1      | Learned a level 3 spell: Ozocubu's Armour
   540 | D:1      | Learned a level 3 spell: Frozen Ramparts
  1439 | D:2      | Found a stormy altar of Qazlal.
  1444 | D:2      | Engulfed by a cloud of freezing vapour

Illustrated notes

Levels and vault maps discovered:
D:1:      dpeg_arrival_subterranean_lakeside_camping, layout_rooms
D:2:      layout_basic, serial_glass, glass_columns_a, glass_columns_a,
          glass_columns_b, glass_columns_a, glass_columns_c, glass_columns_a,
          glass_columns_a, glass_columns_a, st_stairs_4, hex_intersection,
          grunt_qazlal_clouds

Skill      XL: |  1  2 |
---------------+-------+-----
Ice Magic      | 5 |  5.3
Spellcasting   | 3 |  3.6
Dodging        | |  2.1
Stealth        | |  1.7

Action                   || total
-------------------------++-------
Melee: Dagger            ||     5
       Club              ||     3
       Whip              ||    13
 Cast: Freeze            ||    54
       Frozen Ramparts   ||     2
  Use: Scroll            ||     5
 Stab: Sleeping          ||     4
Armor: Robe              ||    15
Dodge: Dodged            ||    50
